 Dungeon Crawl Stone Soup version 0.21-a0-201-g8501b10 (webtiles) character file.

27 tehllama the Insei (level 3, -6/23 HPs)
             Began as an Octopode Transmuter on Aug 18, 2017.
             Splashed by Ijyb's acid (10 damage)
             ... on level 3 of the Dungeon.
             The game lasted 00:00:58 (1173 turns).

tehllama the Insei (Octopode Transmuter)            Turns: 1173, Time: 00:01:00

Health: -6/23      AC:  1    Str: 10    XL:     3   Next: 10%
Magic:  5/6        EV: 13    Int: 15    God:
Gold:   197        SH:  0    Dex: 12    Spells: 5/6 levels left

rFire    . . .     SeeInvis .     - Unarmed
rCold    . . .     Gourm    .   (no shield)
rNeg     . . .     Faith    .   (helmet restricted)
rPois    .         Spirit   .   (no amulet)
rElec    .         Reflect  .   (no ring)
rCorr    .         Harm     .   (no ring)
MR       .....                  (no ring)
Stlth    ++........             (no ring)
HPRegen  0.07/turn              (no ring)
MPRegen  0.10/turn              (no ring)
                                (no ring)
                                (no ring)

@: appendage
A: almost no armour, stealthy swim, amphibious, 8 rings, constrict 8, tentacle
spike 3, camouflage 1, gelatinous body 1
a: End Transformation


You were on level 3 of the Dungeon.
You were not hungry.
One of your tentacles had a temporary spike.
You visited 1 branch of the dungeon, and saw 3 of its levels.

You collected 197 gold pieces.

Inventory:

Missiles
 a - 32 arrows
 s - 20 poisoned needles
Jewellery
 h - an uncursed ring of magical power {unknown}
 q - an uncursed ring of protection from fire {unknown}
Wands
 o - a wand of random effects (15/48)
Scrolls
 d - 3 scrolls of remove curse {unknown}
 g - 3 scrolls of identify {unknown}
 i - a scroll of immolation {unknown}
 k - a scroll of enchant weapon {unknown}
 l - a scroll of recharging {unknown}
 p - a scroll of fear {unknown}
Potions
 e - a potion of mutation {unknown}
 f - a potion of agility {unknown}
 m - 2 potions of haste {unknown}
 n - a potion of brilliance {unknown}
 t - a potion of heal wounds {unknown}
Books
 b - a book of Changes

   Spells                             Type                      Level
   a - Beastly Appendage              Transmutation                1
   b - Sticks to Snakes               Transmutation                2
   c - Spider Form                    Transmutation/Poison         3
   d - Ice Form                       Ice/Transmutation            4
   e - Blade Hands                    Transmutation                5
Comestibles
 c - 2 bread rations
 j - a meat ration
 r - 2 chunks of flesh


   Skills:
 - Level 1.0 Fighting
 - Level 2.0 Dodging
 + Level 4.1 Unarmed Combat
 - Level 2.0 Spellcasting
 - Level 2.0 Transmutations
 + Level 0.2 Evocations


You had 5 spell levels left.
You knew the following spells:

 Your Spells              Type           Power        Failure   Level  Hunger
a - Beastly Appendage     Tmut           #.....       10%         1    #......


Dungeon Overview and Level Annotations

Branches:
Dungeon (3/15)

Altars:
Elyvilon
Xom

Annotations:
D:3 Ijyb


Innate Abilities, Weirdness & Mutations

You cannot wear most types of armour.
You are very stealthy in the water. (Stealth+)
You are amphibious.
You can wear up to eight rings at the same time.
You can use your tentacles to constrict eight enemies at once.
Your skin changes colour to match your surroundings (Stealth+).
Your rubbery body absorbs attacks. (AC +1, EV +1)
One of your tentacles bears a large vicious spike.


Message History

A worm and Ijyb come into view.
Found 3 javelins, a long sword, a robe, 22 gold pieces and 18 arrows.
There is a stone staircase leading up here.
Casting: Beastly Appendage
Confirm with . or Enter, or press ? or * to list all spells.
You extend your transformation's duration.
Ijyb shouts!
You hear a shout! x2
An orc comes into view. It is wielding a war axe.
A goblin comes into view. It is wielding a club.
Ijyb hits you.
You tentacle-slap Ijyb but do no damage.
You grab Ijyb.
You pierce Ijyb, but do no damage.
You constrict Ijyb. You completely miss Ijyb.
Ijyb is lightly wounded.
You constrict Ijyb, but do no damage.
Ijyb zaps a wand.
The bolt of acid hits you!
Ouch! That really hurt!
* * * LOW HITPOINT WARNING * * *
You are splashed with acid!
The acid burns!
You die...

## ## ##$
[## ..#(.
.g. #g###
#@..##.#
#<.w...#
#......#
o......#
.........#
o.........#
##..).($...#
##.......##
##.....##


You could see Ijyb, a worm, an orc and a goblin.

Vanquished Creatures
  3 worms (D:2)
  A leopard gecko (D:1)
  4 bats
  2 giant cockroaches
  2 ball pythons (D:2)
  2 frilled lizards
  2 goblins
  A kobold (D:1)
  3 rats (D:1)
20 creatures vanquished.

Vanquished Creatures (others)
  A butterfly (D:2)
1 creature vanquished.

Grand Total: 21 creatures vanquished

Notes
Turn   | Place    | Note
-------+----------+-------------------------------------------
     0 | D:1      | tehllama the Octopode Transmuter began the quest for the Orb.
     0 | D:1      | Reached XP level 1. HP: 13/13 MP: 3/3
   157 | D:1      | Reached XP level 2. HP: 18/18 MP: 5/5
   708 | D:2      | Found a shimmering altar of Xom.
   885 | D:2      | Reached skill level 4 in Unarmed Combat
   975 | D:2      | Reached XP level 3. HP: 22/23 MP: 6/6
   986 | D:2      | Found a white marble altar of Elyvilon.
  1169 | D:3      | Noticed Ijyb
  1173 | D:3      | Splashed by Ijyb's acid

Vault maps used:
D:1:      lightli_arrival_statuegarden
D:2:      xom_butterflies, elyvilon_altar_4, minmay_tall_x
D:3:      nicolae_dithmenos_through_a_glass_darkly, first_bread, uniq_ijyb,
          uniq_terence, uniq_crazy_yiuf_cottage, uniq_jessica

Skill      XL: |  1  2 |
---------------+-------+-----
Unarmed Combat | 4 |  4.1
Fighting       | |  1.0
Dodging        | |  2.0
Spellcasting   | |  2.0
Transmutations | |  2.0
Evocations     | |  0.2

Action                   || total
-------------------------++-------
Melee: Unarmed           ||    42
       Constrict         ||    12
       Tentacles         ||     5
       Kick              ||     2
 Cast: Beastly Appendage ||     5
 Stab: Sleeping          ||     2
  Eat: Chunk             ||     1
Armor: Skin              ||     6
Dodge: Dodged            ||    22
